 Dungeon Crawl Stone Soup version 0.27-a0-46-g34d46f0a3f (webtiles) character file.

Game seed: 4535635464672607099

64 Borgoz the Slasher (level 4, -3/29 HPs)
             Began as a Halfling Gladiator on Jan 6, 2021.
             Slain by a worm (5 damage)
             ... on level 2 of the Dungeon.
             The game lasted 00:01:14 (1127 turns).

Borgoz the Slasher (Halfling Gladiator)             Turns: 1127, Time: 00:01:15

Health: -3/29      AC:  6    Str: 16    XL:     4   Next: 32%
Magic:  4/4        EV: 15    Int:  6    God:
Gold:   75         SH:  0    Dex: 15    Spells: 3/3 levels left

rFire    . . .     SeeInvis .   a - +0 long sword
rCold    . . .     Faith    .   (shield restricted)
rNeg     . . .     Spirit   .   j - +0 ring mail
rPois    .         Reflect  .   c - +0 helmet
rElec    .         Harm     .   (no cloak)
rCorr    .         Rampage  .   (no gloves)
Will     .....                  (no boots)
Stlth    +.........             (no amulet)
HPRegen  0.09/turn              (no ring)
MPRegen  0.09/turn              (no ring)

@: no status effects
A: small, mutation resistance 1
a: no special abilities


You were on level 2 of the Dungeon.
You visited 1 branch of the dungeon, and saw 2 of its levels.

You collected 75 gold pieces.

Inventory:

Hand Weapons
 a - a +0 long sword (weapon)
Missiles
 d - a throwing net (quivered)
Armour
 c - a +0 helmet (worn)
 j - a +0 ring mail (worn)
Jewellery
 l - an uncursed amulet of the acrobat {unknown}
 m - an uncursed amulet of the acrobat {unknown}
Scrolls
 e - a scroll of amnesia {unknown}
 g - a scroll of identify {unknown}
 h - 2 scrolls of magic mapping {unknown}
 i - a scroll of teleportation {unknown}
 k - a scroll of remove curse {unknown}
Potions
 b - a potion of lignification {unknown}
 f - a potion of cancellation {unknown}
 n - a potion of flight {unknown}


   Skills:
 + Level 2.3 Fighting
 * Level 3.8 Long Blades
 - Level 2.0 Throwing
 + Level 1.4 Armour
 + Level 3.8 Dodging


You had 3 spell levels left.
You didn't know any spells.
Your spell library was empty.

Dungeon Overview and Level Annotations

Branches:
Dungeon (2/15)

Altars:


Innate Abilities, Weirdness & Mutations

You are small and have problems with some larger weapons.
You are somewhat resistant to further mutation.


Message History

The leopard gecko is heavily wounded.
The leopard gecko bites you.
You miss the leopard gecko.
The leopard gecko is heavily wounded.
The leopard gecko bites you but does no damage.
The leopard gecko bites you.
You hit the leopard gecko.
The leopard gecko is severely wounded.
The leopard gecko closely misses you.
You riposte.
You barely miss the leopard gecko.
The leopard gecko is severely wounded.
You hit the leopard gecko.
You kill the leopard gecko!
The worm bites you!
* * * LOW HITPOINT WARNING * * *
You see here a leopard gecko corpse.
You hit the worm.
The worm is lightly wounded.
The worm bites you.
You die...

...#.....P≈♣♣♣≈♣♣♣####
.........##.#.####..####
.........#....†#.#.........
..........#..........(.##...
##.........................#.
..........#.........###.#....
....##...#........†####...###
##.......#.###...#.##...###
#..........w@..###.#...##
#...........##.##..†..##
.......)...##..##...###
......##..†##.##...##
....(..............#
......#................
....).......#..###...##
......###..........### #.....
#!.#.#######


You could see a worm.

Vanquished Creatures
  3 adders (D:2)
  A worm (D:2)
  4 leopard geckos
  2 giant cockroaches (D:2)
  6 hobgoblins
  3 kobolds (D:1)
  7 bats
  2 frilled lizards
  3 rats
31 creatures vanquished.

Vanquished Creatures (others)
  A plant (D:2)
1 creature vanquished.

Grand Total: 32 creatures vanquished

Notes
Turn   | Place    | Note
-------+----------+-------------------------------------------
     0 | D:1      | Borgoz the Halfling Gladiator began the quest for the Orb.
     0 | D:1      | Reached XP level 1. HP: 14/14 MP: 1/1
   144 | D:1      | Reached XP level 2. HP: 12/19 MP: 2/2
   959 | D:2      | Reached XP level 3. HP: 24/24 MP: 3/3
  1023 | D:2      | Reached skill level 1 in Armour
  1089 | D:2      | Reached XP level 4. HP: 11/29 MP: 4/4
  1127 | D:2      | Slain by a worm

Illustrated notes

Levels and vault maps discovered:
D:1:      shiori_shiawase, layout_loops_ring, minmay_tromino_v4_b
D:2:      layout_rooms, serial_bayou, serial_bayou_lake_a, serial_bayou_pond_d,
          serial_bayou_pond_d, serial_bayou_pond_e,
          chequers_ecumenical_altar_simple_redux, xom_teletrap_fun, uniq_robin,
          uniq_jessica, uniq_natasha

Skill      XL: |  1  2  3 |
---------------+----------+-----
Fighting       | 2 |  2.3
Armour         | 1 |  1.4
Long Blades    | |  3.8
Throwing       | |  2.0
Dodging        | |  3.8

Action                   |  1- 3 |  4- 6 || total
-------------------------+-------+-------++-------
Melee: Long sword        |    69 |    24 ||    93
Throw: Throwing net      |       |     2 ||     2
Armor: Leather armour    |    10 |       ||    10
       Ring mail         |    18 |     5 ||    23
Dodge: Dodged            |    89 |    10 ||    99
       Rpst.: Long sword |    27 |     2 ||    29

Table legend: (Time is in decaauts)
 A = Elapsed time spent in this place.
 B = Non-inter-level travel time spent in this place.
 C = Inter-level travel time spent in this place.
 D = Time resting spent in this place.
 E = Time spent auto-exploring this place.
 F = Levels seen in this place.
 G = Mean time per level.
                   A        B        C        D        E       F      G
               +--------+--------+--------+--------+--------+-----+--------+
         Total |   1165 |   1144 |     21 |      0 |    894 |   2 |  582.5 |
       Dungeon |   1165 |   1144 |     21 |      0 |    894 |   2 |  582.5 |
               +--------+--------+--------+--------+--------+-----+--------+

Top non-repeatable levels by time:
     D:1: 947 daAuts
     D:2: 218 daAuts
